 Dungeon Crawl Stone Soup version 0.18-a0-33-g9e10395 (webtiles) character file.

1948 patman the Cleaver (level 8, -9/102 HPs)
             Began as a Deep Dwarf Berserker on Nov 5, 2015.
             Was a Believer of Trog.
             Mangled by a hill giant
             ... wielding a +0 giant club
              (26 damage)
             ... on level 9 of the Dungeon.
             The game lasted 00:08:15 (861 turns).

patman the Cleaver (Deep Dwarf Berserker)            Turns: 861, Time: 00:08:16

Health: -9/102     AC:  7    Str: 26    XL:     8   Next: 98%
Magic:  8/8        EV: 12    Int:  8    God:    Trog [**....]
Gold:   1          SH:  0    Dex: 14    Spells: 0 memorised, 7 levels left

rFire  . . .     SeeInvis .     g - +0 war axe
rCold  . . .     Clarity  .     f - +0 ring mail (curse)
rNeg   . . .     SustAt   .     (no shield)
rPois  .         Gourm    .     w - +0 helmet
rElec  .         Spirit   .     (no cloak)
rCorr  .         Warding  .     p - +0 pair of gloves
rMut   .         Stasis   .     (no boots)
MR     +....                    (no amulet)
Stlth  ..........               (no ring)
                                (no ring)

@: berserking (expiring), non-regenerating, very quick, somewhat resistant to
hostile enchantments, extremely unstealthy
A: damage resistance, recharge devices, sense surroundings 1, slow regeneration
3
a: Device Recharging, Berserk, Trog's Hand, Burn Spellbooks, Renounce Religion


You were on level 9 of the Dungeon.
You worshipped Trog.
Trog was pleased with you.
You were hungry.

You visited 1 branch of the dungeon, and saw 9 of its levels.

You collected 113 gold pieces.
You spent 112 gold pieces at shops.

Inventory:

Hand Weapons
 a - a +0 hand axe
 g - a +0 war axe (weapon)
Missiles
 e - 34 stones (quivered)
 h - 2 poisoned tomahawks
Armour
 b - a +0 animal skin
 f - a cursed +0 ring mail (worn)
 o - a +2 chain mail of fire resistance
 p - a +0 pair of gloves (worn)
 q - a +0 leather armour
 w - a +0 helmet (worn)
Wands
 c - a wand of heal wounds (0)
 i - a wand of digging (16)
 v - a wand of fire (3)
Potions
 m - a potion of invisibility
 r - a potion of lignification {unknown}
 s - 2 potions of curing {unknown}
 t - a potion of mutation {unknown}
 u - 2 potions of cure mutation
Comestibles
 d - 2 bread rations
 j - 2 meat rations
 k - a slice of pizza
 l - 6 chunks of flesh


   Skills:
 - Level 2.6 Fighting
 * Level 12.8 Axes
 - Level 2.1 Armour
 - Level 2.1 Dodging


You had 7 spell levels left.
You didn't know any spells.

Dungeon Overview and Level Annotations

Branches:
Dungeon (9/15)
 Temple: D:4-7         Lair: D:8-11         Orc: D:9-12

Altars:
Gozag
The Shining One

Shops:
D:9 [


Innate Abilities, Weirdness & Mutations

You are resistant to damage.
You can recharge devices by infusing magical energy.
You passively map a small area around you.
You do not regenerate naturally.


Message History

* * * LOW HITPOINT WARNING * * *
The hill giant closely misses you.
You completely miss the hill giant.
The hill giant is lightly wounded.
You slash something! Something hits you but does no damage.
You slice the hill giant!!
The hill giant is heavily wounded.
The hill giant misses you.
You hit the hill giant.
The hill giant is heavily wounded.
You hit something but do no damage. Something hits you.
* * * LOW HITPOINT WARNING * * *
You slash the hill giant!
The hill giant is severely wounded.
You slash the hill giant!
The hill giant is almost dead.
You hit something. Something hits you.
* * * LOW HITPOINT WARNING * * *
The hill giant hits you with a giant club!!
You die...

, #......##. #. ,*
#....##. ... * ,
#....... ... ,
#....$# ... #,
#..$..# . ##.####
###....# . .......
##...#..# * .
.......##......#*
........@C##..##
#........##.#...# *
#........#..#(.## *
#..........##..# , *
#........<###.## ,
#........###..#
#........##..## ,,
#............#####..
, *
#####.####........


You could see a hill giant.

Vanquished Creatures
  Pikel (D:9)
  6 yaks (D:9)
  2 ogres
  A big kobold (D:9)
  A giant frog (D:6)
  2 hounds
  A centaur zombie (D:9)
  A jelly (D:6)
  A giant frog skeleton (D:5)
  A worker ant (D:9)
  2 orc wizards (D:9)
  A hound skeleton (D:8)
  A shadow imp (D:6)
  An adder (D:4)
  An ooze (D:6)
  A giant gecko (D:6)
  9 orcs
  2 bats (D:1)
  A giant cockroach (D:1)
  2 goblins (D:1)
  8 kobolds
  2 quokkas
48 creatures vanquished.

Vanquished Creatures (others)
  An orc (D:9)
1 creature vanquished.

Grand Total: 49 creatures vanquished

Notes
Turn   | Place    | Note
--------------------------------------------------------------
     0 | D:1      | patman the Deep Dwarf Berserker began the quest for the Orb.
     0 | D:1      | Reached XP level 1. HP: 20/20 MP: 1/1
   110 | D:3      | Reached skill level 4 in Axes
   110 | D:3      | Reached XP level 2. HP: 8/27 MP: 2/2
   135 | D:2      | Found an opulent altar of Gozag.
   205 | D:4      | Found a glowing golden altar of the Shining One.
   247 | D:5      | Entered Level 5 of the Dungeon
   255 | D:5      | Reached skill level 5 in Axes
   255 | D:5      | Reached XP level 3. HP: 30/33 MP: 3/3
   274 | D:5      | Reached XP level 4. HP: 27/40 MP: 4/4
   346 | D:6      | Noticed an ogre
   347 | D:6      | Noticed a giant frog
   353 | D:6      | Killed an ogre
   353 | D:6      | Reached skill level 6 in Axes
   353 | D:6      | Reached XP level 5. HP: 46/46 MP: 5/5
   355 | D:6      | Reached skill level 7 in Axes
   356 | D:6      | Reached XP level 6. HP: 54/55 MP: 6/6
   407 | D:6      | Reached ** piety under Trog
   543 | D:7      | Reached skill level 8 in Axes
   711 | D:9      | Noticed Pikel
   724 | D:9      | Reached XP level 7. HP: 61/61 MP: 7/7
   733 | D:9      | Killed Pikel
   733 | D:9      | Reached skill level 10 in Axes
   733 | D:9      | Reached XP level 8. HP: 68/68 MP: 8/8
   784 | D:9      | Found Senkuwah's Antique Armour Emporium.
   795 | D:9      | Reached skill level 11 in Axes
   806 | D:9      | Reached skill level 12 in Axes
   824 | D:9      | Bought a shiny chain mail for 112 gold pieces
   827 | D:9      | Noticed a hill giant
   861 | D:9      | Mangled by a hill giant

Vault maps used:
D:1:      dpeg_arrival_simpleton_a, fountainhead, bh_walls_and_bars
D:2:      lemuel_crystal_altar, grunt_gozag_statues, first_bread,
          minmay_ruptured
D:3:      kennysheep_generic_room_11
D:4:      tso_metal_star
D:5:      lemuel_crystal_altar, lemuel_crystal_altar, uniq_grinder, uniq_edmund,
          uniq_eustachio
D:6:      led_sif_book, minmay_temple_entry_butterflies
D:7:      wad_guarded_room, lemuel_round_altar, serial_park_tiny_pond,
          the_bakery
D:8:      corexii_shack_village, serial_shops, nicolae_shop_trees,
          small_statue_intersection, serial_bayou_lake_a
D:9:      hiddenorc1_lemuel, serial_shops, shop, uniq_erolcha, uniq_pikel,
          uniq_psyche

Action                   |  1- 3 |  4- 6 |  7- 9 || total
-------------------------+-------+-------+-------++-------
Melee: Hand axe          |    22 |       |       ||    22
       War axe           |    30 |    80 |    44 ||   154
Invok: Berserk           |       |     3 |     3 ||     6
Evoke: Wand              |     1 |     2 |     2 ||     5
  Use: Scroll            |       |     6 |     1 ||     7
  Eat: Chunk             |       |     3 |     2 ||     5
